[ AOE2 MATCH · #475035333 ]
UnrankedHindustanis vs None
Player's team · LOSS
Rival team · WIN
[ REPLAY ANALYSIS · EXTRACTED FROM THE RECORDED GAME ]
Feudal
—
Castle
—
Imperial
—
| APM avg | 34.4 |
| APM peak | 89 |
| eAPM avg | 8.9 |
| Villagers / military | 0 / 0 |
Focus
⚔️ 98.5% · 🌾 1.5%
Feudal
—
Castle
—
Imperial
—
| APM avg | 21.4 |
| APM peak | 51 |
| eAPM avg | 10.3 |
| Villagers / military | 0 / 798 |
Focus
⚔️ 96.9% · 🌾 3.1%
Knight ×287 · Cavalry Archer ×270 · Camel Scout ×241
Feudal
—
Castle
—
Imperial
—
| APM avg | 13.5 |
| APM peak | 45 |
| eAPM avg | 8.4 |
| Villagers / military | 0 / 0 |
Focus
⚔️ 99.6% · 🌾 0.4%
Feudal
—
Castle
—
Imperial
—
| APM avg | 46.2 |
| APM peak | 91 |
| eAPM avg | 30.4 |
| Villagers / military | 0 / 1149 |
Focus
⚔️ 98.7% · 🌾 1.3%
Knight ×791 · Cavalry Archer ×353 · Skirmisher ×5
Feudal
—
Castle
—
Imperial
—
| APM avg | 31.9 |
| APM peak | 67 |
| eAPM avg | 19.0 |
| Villagers / military | 0 / 767 |
Focus
⚔️ 96.3% · 🌾 3.7%
Knight ×545 · Cavalry Archer ×212 · Skirmisher ×10
Feudal
—
Castle
—
Imperial
—
| APM avg | 23.7 |
| APM peak | 53 |
| eAPM avg | 11.8 |
| Villagers / military | 0 / 745 |
Focus
⚔️ 88.8% · 🌾 11.2%
Knight ×745
Feudal
—
Castle
—
Imperial
—
| APM avg | 40.7 |
| APM peak | 68 |
| eAPM avg | 22.1 |
| Villagers / military | 0 / 1077 |
Focus
⚔️ 96.5% · 🌾 3.5%
Cavalry Archer ×726 · Spearman ×331 · Knight ×20
Feudal
—
Castle
—
Imperial
—
| APM avg | 32.0 |
| APM peak | 61 |
| eAPM avg | 12.8 |
| Villagers / military | 0 / 753 |
Focus
⚔️ 93.4% · 🌾 6.6%
Camel Scout ×753
Match map
Initial resources + every placement click. Lines = walls · curves = elevation contours. ◆ gold · ⬟ stone · ● berries · ✦ relic · ◌ wall gap
Your base· Open — 3t gap
MightyBeast's base· Open — 10t gap
Tenchy's base· ✓ Closed at 12:00 · 0t walls · 3 gate(s)
Rogue Old's base· Open — 2t gap
hockeyguy's base· Open — 3t gap
Bizmark's base· ✓ Map-separated
Linkin's base· ✓ Closed at 12:00 · 0t walls · 1 gate(s)
3m1R's base· Open — 6t gap
Smoothed initial terrain · ◌ = detected wall gap · hover for details
Inputs per minute
— Stav - - MightyBeast
Build order — Stav
10 actions detected in the replay
| 27:11 | Research | Grand Trunk Road |
| 27:15 | Research | Chain Mail Armor |
| 27:16 | Research | Iron Casting |
| 27:17 | Research | Bodkin Arrow |
| 27:17 | Research | Leather Archer Armor |
| 27:17 | Research | Chain Barding Armor |
| 27:20 | Research | Ballistics |
| 27:21 | Research | Guard Tower (upgrade) |
| 29:26 | Research | Careening |
| 29:27 | Research | Tech 908 |
Build order — MightyBeast
First 150 of 199 actions detected
| 16:20 | Build | Stable |
| 16:21 | Build | Stable |
| 16:24 | Build | Stable |
| 16:25 | Build | Stable |
| 16:29 | Build | Stable |
| 16:32 | Build | Stable |
| 16:34 | Build | Stable |
| 16:36 | Build | Stable |
| 16:38 | Build | Stable |
| 16:40 | Build | Stable |
| 17:19 | Research | Bloodlines |
| 18:07 | Build | Archery Range |
| 18:15 | Build | Archery Range |
| 18:16 | Build | Archery Range |
| 18:19 | Build | Archery Range |
| 18:23 | Build | Archery Range |
| 18:26 | Build | Archery Range |
| 18:28 | Build | Archery Range |
| 18:30 | Build | Archery Range |
| 18:31 | Build | Archery Range |
| 18:34 | Build | Archery Range |
| 20:55 | Build | Archery Range |
| 25:02 | Research | Light Cavalry (upgrade) |
| 25:05 | Create | Knight ×5 |
| 25:05 | Create | Knight ×5 |
| 25:06 | Create | Knight ×5 |
| 25:06 | Create | Knight ×5 |
| 25:06 | Create | Knight ×5 |
| 25:06 | Create | Knight ×5 |
| 25:07 | Create | Knight ×5 |
| 25:07 | Create | Knight ×5 |
| 25:07 | Create | Knight ×5 |
| 25:07 | Create | Knight ×5 |
| 25:08 | Create | Knight ×5 |
| 25:08 | Create | Knight ×5 |
| 25:08 | Create | Knight ×5 |
| 25:08 | Create | Knight ×5 |
| 25:08 | Create | Knight ×5 |
| 25:08 | Create | Knight ×5 |
| 25:08 | Create | Knight ×5 |
| 25:09 | Create | Knight ×5 |
| 25:09 | Create | Knight ×5 |
| 25:09 | Create | Knight ×5 |
| 25:09 | Create | Knight ×5 |
| 25:09 | Create | Knight ×5 |
| 25:09 | Create | Knight ×5 |
| 25:09 | Create | Knight ×5 |
| 25:09 | Create | Knight ×5 |
| 25:09 | Create | Knight ×5 |
| 25:09 | Create | Knight ×5 |
| 25:18 | Research | Crossbowman (upgrade) |
| 25:18 | Research | Elite Skirmisher (upgrade) |
| 25:26 | Research | Chain Barding Armor |
| 25:27 | Research | Leather Archer Armor |
| 25:27 | Research | Bodkin Arrow |
| 25:28 | Research | Iron Casting |
| 25:29 | Research | Chain Mail Armor |
| 25:32 | Research | Ballistics |
| 25:33 | Research | Tech 908 |
| 25:33 | Research | Careening |
| 26:45 | Create | Cavalry Archer ×5 |
| 26:46 | Create | Cavalry Archer ×5 |
| 26:46 | Create | Cavalry Archer ×5 |
| 26:46 | Create | Cavalry Archer ×5 |
| 26:46 | Create | Cavalry Archer ×5 |
| 26:46 | Create | Cavalry Archer ×5 |
| 26:46 | Create | Cavalry Archer ×5 |
| 26:46 | Create | Cavalry Archer ×5 |
| 26:47 | Create | Cavalry Archer ×5 |
| 26:47 | Create | Cavalry Archer ×5 |
| 26:47 | Create | Cavalry Archer ×5 |
| 26:48 | Create | Cavalry Archer ×5 |
| 26:48 | Create | Cavalry Archer ×5 |
| 26:48 | Create | Cavalry Archer ×5 |
| 26:48 | Create | Cavalry Archer ×5 |
| 26:48 | Create | Cavalry Archer ×5 |
| 26:48 | Create | Cavalry Archer ×5 |
| 27:10 | Build | Stable |
| 27:11 | Build | Stable |
| 27:31 | Create | Knight ×5 |
| 27:31 | Create | Knight ×5 |
| 27:31 | Create | Knight ×5 |
| 27:31 | Create | Knight ×5 |
| 27:31 | Create | Knight ×5 |
| 27:32 | Create | Knight ×5 |
| 27:32 | Create | Knight ×5 |
| 27:33 | Create | Knight ×5 |
| 27:33 | Create | Knight ×5 |
| 27:34 | Create | Knight ×2 |
| 28:31 | Create | Cavalry Archer ×5 |
| 28:31 | Create | Cavalry Archer ×5 |
| 28:31 | Create | Cavalry Archer ×5 |
| 28:31 | Create | Cavalry Archer ×5 |
| 28:31 | Create | Cavalry Archer ×5 |
| 29:32 | Create | Knight ×5 |
| 29:32 | Create | Knight ×5 |
| 29:33 | Create | Knight ×5 |
| 29:33 | Create | Knight ×5 |
| 29:33 | Create | Knight ×5 |
| 29:33 | Create | Knight ×5 |
| 29:33 | Create | Knight ×5 |
| 29:33 | Create | Knight ×5 |
| 29:33 | Create | Knight ×5 |
| 29:34 | Create | Knight ×5 |
| 29:35 | Create | Knight ×5 |
| 29:35 | Create | Knight ×5 |
| 29:35 | Create | Knight ×5 |
| 29:35 | Create | Knight ×5 |
| 29:35 | Create | Knight ×5 |
| 29:35 | Create | Knight ×5 |
| 29:36 | Create | Knight ×5 |
| 29:36 | Create | Knight ×5 |
| 29:36 | Create | Knight ×5 |
| 29:36 | Create | Knight ×5 |
| 29:36 | Create | Knight ×5 |
| 29:53 | Create | Cavalry Archer ×5 |
| 29:53 | Create | Cavalry Archer ×5 |
| 29:53 | Create | Cavalry Archer ×5 |
| 29:53 | Create | Cavalry Archer ×5 |
| 29:53 | Create | Cavalry Archer ×5 |
| 29:53 | Create | Cavalry Archer ×5 |
| 29:53 | Create | Cavalry Archer ×5 |
| 29:53 | Create | Cavalry Archer ×5 |
| 29:53 | Create | Cavalry Archer ×5 |
| 29:53 | Create | Cavalry Archer ×5 |
| 29:53 | Create | Cavalry Archer ×5 |
| 29:53 | Create | Cavalry Archer ×5 |
| 31:03 | Create | Camel Scout ×5 |
| 31:03 | Create | Camel Scout ×5 |
| 31:03 | Create | Camel Scout ×5 |
| 31:04 | Create | Camel Scout ×5 |
| 31:04 | Create | Camel Scout ×5 |
| 31:04 | Create | Camel Scout ×5 |
| 31:04 | Create | Camel Scout ×5 |
| 31:04 | Create | Camel Scout ×5 |
| 31:05 | Create | Camel Scout ×5 |
| 31:05 | Create | Camel Scout ×5 |
| 31:05 | Create | Camel Scout ×5 |
| 31:05 | Create | Camel Scout ×5 |
| 31:05 | Create | Camel Scout ×5 |
| 31:05 | Create | Camel Scout ×5 |
| 31:05 | Create | Camel Scout ×5 |
| 31:05 | Create | Camel Scout ×5 |
| 31:06 | Create | Camel Scout ×5 |
| 31:06 | Create | Camel Scout ×5 |
| 31:06 | Create | Camel Scout ×5 |
| 31:06 | Create | Camel Scout ×5 |
| 31:06 | Create | Camel Scout ×5 |
| 31:06 | Create | Camel Scout ×5 |
| 31:07 | Create | Camel Scout ×5 |
Build order — Tenchy
30 actions detected in the replay
| 10:58 | Research | Leather Archer Armor |
| 10:58 | Research | Bodkin Arrow |
| 10:58 | Research | Chain Barding Armor |
| 10:58 | Research | Chain Mail Armor |
| 10:59 | Research | Leather Archer Armor |
| 10:59 | Research | Bodkin Arrow |
| 10:59 | Research | Chain Barding Armor |
| 10:59 | Research | Chain Mail Armor |
| 11:02 | Research | Tech 1070 |
| 12:25 | Research | Guard Tower (upgrade) |
| 12:26 | Research | Ballistics |
| 19:52 | Research | Careening |
| 19:53 | Research | Tech 908 |
| 27:54 | Research | Plate Mail Armor |
| 27:56 | Research | Arrowslits |
| 27:57 | Research | Siege Engineers |
| 27:57 | Research | Chemistry |
| 27:57 | Research | Ring Archer Armor |
| 27:57 | Research | Ring Archer Armor |
| 27:57 | Research | Bracer |
| 27:57 | Research | Ring Archer Armor |
| 27:57 | Research | Bracer |
| 27:57 | Research | Plate Barding Armor |
| 27:58 | Research | Bracer |
| 27:58 | Research | Plate Barding Armor |
| 27:58 | Research | Bracer |
| 28:01 | Research | Spies/Treason |
| 28:02 | Research | Conscription |
| 28:03 | Research | Tech 1069 |
| 28:04 | Research | Tech 1064 |
Build order — Rogue Old
First 150 of 307 actions detected
| 9:29 | Build | Stable |
| 9:30 | Build | Stable |
| 9:31 | Build | Stable |
| 9:33 | Build | Stable |
| 9:36 | Build | Stable |
| 11:15 | Build | Stable |
| 11:17 | Build | Stable |
| 11:18 | Build | Stable |
| 11:19 | Build | Stable |
| 13:07 | Build | Stable |
| 13:08 | Build | Stable |
| 13:10 | Build | Stable |
| 13:11 | Build | Stable |
| 14:42 | Build | Stable |
| 14:43 | Build | Stable |
| 16:20 | Build | Stable |
| 17:49 | Build | Stable |
| 17:50 | Build | Stable |
| 17:51 | Build | Stable |
| 18:07 | Research | Husbandry |
| 18:08 | Research | Cavalier (upgrade) |
| 18:09 | Create | Knight ×5 |
| 18:09 | Create | Knight ×5 |
| 18:09 | Create | Knight ×5 |
| 18:09 | Create | Knight ×5 |
| 18:10 | Create | Knight ×5 |
| 18:10 | Create | Knight ×5 |
| 18:10 | Create | Knight ×5 |
| 18:11 | Create | Knight ×5 |
| 18:11 | Create | Knight ×5 |
| 18:11 | Create | Knight ×5 |
| 18:11 | Create | Knight ×5 |
| 18:12 | Create | Knight ×5 |
| 18:12 | Create | Knight ×5 |
| 18:12 | Create | Knight ×5 |
| 18:13 | Create | Knight ×5 |
| 18:13 | Create | Knight ×5 |
| 18:14 | Create | Knight ×5 |
| 18:14 | Create | Knight ×5 |
| 18:14 | Create | Knight ×5 |
| 18:14 | Create | Knight ×5 |
| 18:15 | Create | Knight ×5 |
| 18:15 | Create | Knight ×5 |
| 18:15 | Create | Knight ×5 |
| 18:16 | Create | Knight ×5 |
| 18:16 | Create | Knight ×5 |
| 18:16 | Create | Knight ×5 |
| 18:17 | Create | Knight ×5 |
| 18:17 | Create | Knight ×5 |
| 18:17 | Create | Knight ×5 |
| 18:18 | Create | Knight ×5 |
| 18:18 | Create | Knight ×5 |
| 18:18 | Create | Knight ×5 |
| 18:19 | Create | Knight ×5 |
| 18:45 | Research | Chain Barding Armor |
| 18:46 | Research | Chain Barding Armor |
| 18:46 | Research | Iron Casting |
| 18:47 | Research | Bodkin Arrow |
| 18:48 | Research | Chain Mail Armor |
| 18:48 | Research | Leather Archer Armor |
| 18:51 | Research | Treadmill Crane |
| 18:52 | Research | Ballistics |
| 18:52 | Research | Guard Tower (upgrade) |
| 18:53 | Research | Tech 909 |
| 18:54 | Research | Careening |
| 18:55 | Research | Tech 908 |
| 19:15 | Create | Knight ×5 |
| 19:15 | Create | Knight ×5 |
| 19:15 | Create | Knight ×5 |
| 19:16 | Create | Knight ×5 |
| 19:16 | Create | Knight ×5 |
| 19:16 | Create | Knight ×5 |
| 19:16 | Create | Knight ×5 |
| 19:17 | Create | Knight ×5 |
| 19:17 | Create | Knight ×5 |
| 19:17 | Create | Knight ×5 |
| 19:18 | Create | Knight ×5 |
| 19:18 | Create | Knight ×5 |
| 19:18 | Create | Knight ×5 |
| 19:19 | Create | Knight ×5 |
| 19:19 | Create | Knight ×5 |
| 19:22 | Research | Burgundian Vineyards |
| 19:22 | Research | Burgundian Vineyards |
| 19:50 | Build | Archery Range |
| 19:51 | Build | Archery Range |
| 19:53 | Build | Archery Range |
| 19:54 | Build | Archery Range |
| 19:59 | Build | Archery Range |
| 20:01 | Build | Archery Range |
| 20:04 | Build | Archery Range |
| 20:07 | Build | Archery Range |
| 20:54 | Create | Knight ×5 |
| 20:54 | Create | Knight ×5 |
| 20:55 | Create | Knight ×5 |
| 20:55 | Create | Knight ×5 |
| 20:55 | Create | Knight ×5 |
| 20:55 | Create | Knight ×5 |
| 20:56 | Create | Knight ×5 |
| 20:56 | Create | Knight ×5 |
| 20:56 | Create | Knight ×5 |
| 20:57 | Create | Knight ×5 |
| 20:57 | Create | Knight ×5 |
| 20:57 | Create | Knight ×5 |
| 20:58 | Create | Knight ×5 |
| 20:58 | Create | Knight ×5 |
| 20:58 | Create | Knight ×5 |
| 20:59 | Create | Knight ×5 |
| 20:59 | Create | Knight ×5 |
| 20:59 | Create | Knight ×5 |
| 21:00 | Create | Knight ×5 |
| 21:28 | Create | Cavalry Archer ×5 |
| 21:28 | Create | Cavalry Archer ×5 |
| 21:29 | Create | Cavalry Archer ×5 |
| 21:29 | Create | Cavalry Archer ×5 |
| 21:29 | Create | Cavalry Archer ×5 |
| 21:30 | Create | Cavalry Archer ×5 |
| 21:30 | Create | Cavalry Archer ×5 |
| 23:03 | Build | Archery Range |
| 24:04 | Build | Archery Range |
| 24:57 | Build | Archery Range |
| 24:58 | Build | Archery Range |
| 25:03 | Build | Archery Range |
| 25:30 | Create | Knight ×5 |
| 25:30 | Create | Knight ×5 |
| 25:31 | Create | Knight ×5 |
| 25:31 | Create | Knight ×5 |
| 25:31 | Create | Knight ×5 |
| 25:32 | Create | Knight ×5 |
| 25:32 | Create | Knight ×5 |
| 25:32 | Create | Knight ×5 |
| 25:32 | Create | Knight ×5 |
| 25:33 | Create | Knight ×5 |
| 25:33 | Create | Knight ×5 |
| 25:33 | Create | Knight ×5 |
| 25:34 | Create | Knight ×5 |
| 25:34 | Create | Knight ×5 |
| 25:34 | Create | Knight ×5 |
| 25:35 | Create | Knight ×5 |
| 25:39 | Create | Cavalry Archer ×5 |
| 25:40 | Create | Cavalry Archer ×5 |
| 25:40 | Create | Cavalry Archer ×5 |
| 25:40 | Create | Cavalry Archer ×5 |
| 25:41 | Create | Cavalry Archer ×5 |
| 25:41 | Create | Cavalry Archer ×5 |
| 25:41 | Create | Cavalry Archer ×5 |
| 25:42 | Create | Cavalry Archer ×5 |
| 25:42 | Create | Cavalry Archer ×5 |
| 25:42 | Create | Cavalry Archer ×5 |
| 26:12 | Create | Knight ×5 |
| 26:13 | Create | Knight ×5 |
Build order — hockeyguy
First 150 of 214 actions detected
| 20:38 | Build | Stable |
| 20:39 | Build | Stable |
| 20:40 | Build | Stable |
| 20:42 | Build | Stable |
| 20:47 | Build | Archery Range |
| 20:49 | Build | Archery Range |
| 20:51 | Build | Archery Range |
| 21:11 | Build | Stable |
| 21:23 | Build | Stable |
| 21:24 | Build | Stable |
| 22:27 | Research | Bloodlines |
| 22:32 | Research | Husbandry |
| 22:33 | Research | Chain Barding Armor |
| 22:34 | Research | Iron Casting |
| 22:35 | Research | Chain Mail Armor |
| 22:35 | Research | Bodkin Arrow |
| 22:37 | Research | Leather Archer Armor |
| 22:40 | Research | Ballistics |
| 22:41 | Research | Guard Tower (upgrade) |
| 22:43 | Research | Stirrups |
| 22:56 | Build | Stable |
| 22:58 | Build | Stable |
| 23:03 | Build | Archery Range |
| 24:33 | Build | Stable |
| 24:34 | Build | Stable |
| 24:36 | Build | Stable |
| 24:38 | Create | Knight ×5 |
| 24:38 | Create | Knight ×5 |
| 24:39 | Create | Knight ×5 |
| 24:39 | Create | Knight ×5 |
| 24:40 | Create | Knight ×5 |
| 24:40 | Create | Knight ×5 |
| 24:40 | Create | Knight ×5 |
| 24:40 | Create | Knight ×5 |
| 24:40 | Create | Knight ×5 |
| 24:41 | Create | Knight ×5 |
| 24:41 | Create | Knight ×5 |
| 24:41 | Create | Knight ×5 |
| 24:41 | Create | Knight ×5 |
| 24:41 | Create | Knight ×5 |
| 24:41 | Create | Knight ×5 |
| 24:41 | Create | Knight ×5 |
| 24:41 | Create | Knight ×5 |
| 24:42 | Create | Knight ×5 |
| 24:42 | Create | Knight ×5 |
| 24:42 | Create | Knight ×5 |
| 24:42 | Create | Knight ×5 |
| 24:45 | Research | Thumb Ring |
| 24:46 | Create | Cavalry Archer ×5 |
| 24:46 | Create | Cavalry Archer ×5 |
| 24:46 | Create | Cavalry Archer ×5 |
| 24:46 | Create | Cavalry Archer ×5 |
| 24:46 | Create | Cavalry Archer ×5 |
| 24:47 | Create | Cavalry Archer ×5 |
| 24:47 | Create | Cavalry Archer ×5 |
| 24:47 | Create | Cavalry Archer ×5 |
| 24:47 | Create | Cavalry Archer ×5 |
| 25:01 | Build | Stable |
| 25:05 | Build | Archery Range |
| 25:07 | Build | Archery Range |
| 25:13 | Build | Stable |
| 25:15 | Build | Stable |
| 25:16 | Build | Stable |
| 25:52 | Create | Knight ×5 |
| 25:53 | Create | Knight ×5 |
| 25:53 | Create | Knight ×5 |
| 25:54 | Create | Knight ×5 |
| 25:54 | Create | Knight ×5 |
| 25:55 | Create | Knight ×5 |
| 25:57 | Create | Knight ×5 |
| 25:57 | Create | Knight ×5 |
| 25:57 | Create | Knight ×5 |
| 25:58 | Create | Knight ×5 |
| 25:58 | Create | Knight ×5 |
| 26:02 | Create | Cavalry Archer ×5 |
| 26:02 | Create | Cavalry Archer ×5 |
| 26:02 | Create | Cavalry Archer ×5 |
| 26:02 | Create | Cavalry Archer ×5 |
| 26:02 | Create | Cavalry Archer ×5 |
| 26:02 | Create | Cavalry Archer |
| 26:33 | Build | Archery Range |
| 26:35 | Build | Archery Range |
| 26:36 | Build | Archery Range |
| 26:47 | Build | Archery Range |
| 26:48 | Build | Archery Range |
| 26:50 | Build | Archery Range |
| 26:52 | Build | Stable |
| 26:53 | Build | Stable |
| 26:56 | Create | Knight ×5 |
| 26:56 | Create | Knight ×5 |
| 26:57 | Create | Knight ×5 |
| 26:57 | Create | Knight ×5 |
| 26:58 | Create | Knight ×5 |
| 26:58 | Create | Knight ×5 |
| 26:58 | Create | Knight ×5 |
| 26:59 | Create | Knight ×5 |
| 26:59 | Create | Knight ×5 |
| 27:00 | Create | Knight ×5 |
| 27:16 | Create | Skirmisher ×5 |
| 27:19 | Create | Skirmisher ×5 |
| 27:19 | Create | Cavalry Archer ×5 |
| 27:20 | Create | Cavalry Archer ×5 |
| 27:20 | Create | Cavalry Archer ×5 |
| 27:21 | Create | Cavalry Archer ×5 |
| 27:23 | Research | Elite Skirmisher (upgrade) |
| 28:07 | Research | Cavalier (upgrade) |
| 28:14 | Research | Heavy Cavalry Archer (upgrade) |
| 28:14 | Research | Heavy Cavalry Archer (upgrade) |
| 28:22 | Research | Parthian Tactics |
| 28:24 | Create | Cavalry Archer ×5 |
| 28:24 | Create | Cavalry Archer ×5 |
| 28:25 | Create | Cavalry Archer ×5 |
| 28:25 | Create | Cavalry Archer ×5 |
| 28:28 | Research | Spies/Treason |
| 28:29 | Research | Conscription |
| 28:29 | Research | Bagains |
| 28:31 | Research | Elite Konnik (upgrade) |
| 28:33 | Create | Cavalry Archer ×5 |
| 28:34 | Create | Cavalry Archer ×5 |
| 28:34 | Create | Cavalry Archer ×5 |
| 28:35 | Create | Cavalry Archer ×5 |
| 28:35 | Create | Cavalry Archer ×5 |
| 28:45 | Build | Stable |
| 28:46 | Build | Stable |
| 28:48 | Build | Stable |
| 28:56 | Create | Knight ×5 |
| 28:56 | Create | Knight ×5 |
| 28:57 | Create | Knight ×5 |
| 28:57 | Create | Knight ×5 |
| 28:58 | Create | Knight ×5 |
| 28:58 | Create | Knight ×5 |
| 28:59 | Create | Knight ×5 |
| 28:59 | Create | Knight ×5 |
| 29:00 | Create | Knight ×5 |
| 29:01 | Create | Knight ×5 |
| 29:01 | Create | Knight ×5 |
| 29:01 | Create | Knight ×5 |
| 29:02 | Create | Knight ×5 |
| 29:08 | Create | Cavalry Archer ×5 |
| 29:09 | Create | Cavalry Archer ×5 |
| 29:09 | Create | Cavalry Archer ×5 |
| 29:09 | Create | Cavalry Archer ×5 |
| 29:10 | Create | Cavalry Archer ×5 |
| 29:37 | Create | Knight ×5 |
| 29:38 | Create | Knight ×5 |
| 29:38 | Create | Knight ×5 |
| 29:39 | Create | Knight ×5 |
| 29:39 | Create | Knight ×5 |
| 29:40 | Create | Knight ×5 |
| 29:40 | Create | Knight ×5 |
Build order — Bizmark
First 150 of 221 actions detected
| 6:41 | Build | Stone Wall |
| 8:05 | Build | Stone Wall |
| 8:56 | Build | Stable |
| 8:58 | Build | Stable |
| 8:59 | Build | Stable |
| 9:00 | Build | Stable |
| 10:42 | Build | Stone Wall |
| 11:48 | Research | Chain Mail Armor |
| 11:49 | Research | Chain Barding Armor |
| 11:50 | Research | Bodkin Arrow |
| 11:50 | Research | Leather Archer Armor |
| 11:54 | Research | Treadmill Crane |
| 11:54 | Research | Ballistics |
| 11:55 | Research | Guard Tower (upgrade) |
| 11:56 | Research | Tech 908 |
| 11:56 | Research | Careening |
| 12:07 | Research | Bloodlines |
| 12:09 | Research | Husbandry |
| 12:16 | Build | Stable |
| 12:18 | Build | Stable |
| 12:19 | Build | Stable |
| 12:20 | Build | Stable |
| 14:53 | Create | Knight ×5 |
| 14:53 | Create | Knight ×5 |
| 14:54 | Create | Knight ×5 |
| 14:54 | Create | Knight ×5 |
| 14:54 | Create | Knight ×5 |
| 14:54 | Create | Knight ×5 |
| 14:54 | Create | Knight ×5 |
| 14:55 | Create | Knight ×5 |
| 14:55 | Create | Knight ×5 |
| 14:56 | Create | Knight ×5 |
| 14:56 | Create | Knight ×5 |
| 14:56 | Create | Knight ×5 |
| 14:56 | Create | Knight ×5 |
| 14:57 | Create | Knight ×5 |
| 14:57 | Create | Knight ×5 |
| 14:57 | Create | Knight ×5 |
| 14:57 | Create | Knight ×5 |
| 14:58 | Create | Knight ×5 |
| 14:58 | Create | Knight ×5 |
| 16:30 | Build | Stable |
| 16:32 | Build | Stable |
| 16:33 | Build | Stable |
| 18:33 | Research | Spies/Treason |
| 18:34 | Research | Conscription |
| 18:36 | Research | Lechitic Legacy |
| 18:40 | Research | Elite Obuch (upgrade) |
| 18:41 | Research | Szlachta Privileges |
| 18:42 | Research | Sappers |
| 18:48 | Research | Cavalier (upgrade) |
| 18:54 | Research | Blast Furnace |
| 18:54 | Research | Plate Mail Armor |
| 18:55 | Research | Bracer |
| 18:57 | Research | Chemistry |
| 18:59 | Research | Keep (upgrade) |
| 19:00 | Research | Siege Engineers |
| 19:01 | Research | Tech 907 |
| 19:24 | Build | Stable |
| 19:26 | Build | Stable |
| 21:43 | Build | Stable |
| 21:44 | Build | Stable |
| 21:45 | Build | Stable |
| 22:01 | Create | Knight ×5 |
| 22:02 | Create | Knight ×5 |
| 22:02 | Create | Knight ×5 |
| 22:02 | Create | Knight ×5 |
| 22:02 | Create | Knight ×5 |
| 22:03 | Create | Knight ×5 |
| 22:03 | Create | Knight ×5 |
| 22:03 | Create | Knight ×5 |
| 22:04 | Create | Knight ×5 |
| 22:04 | Create | Knight ×5 |
| 22:04 | Create | Knight ×5 |
| 22:04 | Create | Knight ×5 |
| 22:05 | Create | Knight ×5 |
| 22:05 | Create | Knight ×5 |
| 22:05 | Create | Knight ×5 |
| 22:06 | Create | Knight ×5 |
| 22:06 | Create | Knight ×5 |
| 22:06 | Create | Knight ×5 |
| 22:06 | Create | Knight ×5 |
| 22:07 | Create | Knight ×5 |
| 22:07 | Create | Knight ×5 |
| 22:07 | Create | Knight ×5 |
| 22:08 | Create | Knight ×5 |
| 22:08 | Create | Knight ×5 |
| 22:08 | Create | Knight ×5 |
| 22:08 | Create | Knight ×5 |
| 22:09 | Create | Knight ×5 |
| 23:35 | Build | Stable |
| 23:36 | Build | Stable |
| 23:38 | Build | Stable |
| 25:16 | Create | Knight ×5 |
| 25:17 | Create | Knight ×5 |
| 25:17 | Create | Knight ×5 |
| 25:17 | Create | Knight ×5 |
| 25:17 | Create | Knight ×5 |
| 25:18 | Create | Knight ×5 |
| 25:18 | Create | Knight ×5 |
| 25:18 | Create | Knight ×5 |
| 25:18 | Create | Knight ×5 |
| 25:19 | Create | Knight ×5 |
| 25:19 | Create | Knight ×5 |
| 25:19 | Create | Knight ×5 |
| 25:20 | Create | Knight ×5 |
| 25:20 | Create | Knight ×5 |
| 25:20 | Create | Knight ×5 |
| 25:20 | Create | Knight ×5 |
| 25:21 | Create | Knight ×5 |
| 25:21 | Create | Knight ×4 |
| 25:22 | Create | Knight ×5 |
| 25:22 | Create | Knight ×5 |
| 25:22 | Create | Knight ×5 |
| 25:23 | Create | Knight ×5 |
| 25:23 | Create | Knight ×5 |
| 25:24 | Create | Knight ×5 |
| 25:24 | Create | Knight ×5 |
| 25:24 | Create | Knight ×5 |
| 25:24 | Create | Knight ×5 |
| 25:25 | Create | Knight ×5 |
| 25:25 | Create | Knight ×3 |
| 25:26 | Create | Knight ×5 |
| 25:26 | Create | Knight ×5 |
| 25:26 | Create | Knight ×3 |
| 26:44 | Build | Archery Range |
| 26:45 | Build | Archery Range |
| 26:46 | Build | Archery Range |
| 28:05 | Research | Crossbowman (upgrade) |
| 28:07 | Research | Thumb Ring |
| 28:14 | Create | Knight ×5 |
| 28:15 | Create | Knight ×5 |
| 28:15 | Create | Knight ×5 |
| 28:15 | Create | Knight ×5 |
| 28:16 | Create | Knight ×5 |
| 28:16 | Create | Knight ×5 |
| 28:16 | Create | Knight ×5 |
| 28:17 | Create | Knight ×5 |
| 28:17 | Create | Knight ×5 |
| 28:17 | Create | Knight ×5 |
| 28:17 | Create | Knight ×5 |
| 28:18 | Create | Knight ×5 |
| 28:18 | Create | Knight ×5 |
| 28:18 | Create | Knight ×5 |
| 28:19 | Create | Knight ×5 |
| 28:19 | Create | Knight ×5 |
| 28:19 | Create | Knight ×5 |
| 28:19 | Create | Knight ×5 |
| 28:20 | Create | Knight ×5 |
| 28:20 | Create | Knight ×5 |
Build order — Linkin
First 150 of 325 actions detected
| 12:10 | Build | Archery Range |
| 12:11 | Build | Archery Range |
| 12:12 | Build | Archery Range |
| 12:13 | Build | Archery Range |
| 12:20 | Build | Archery Range |
| 12:21 | Build | Archery Range |
| 12:23 | Build | Archery Range |
| 12:24 | Build | Archery Range |
| 12:26 | Build | Archery Range |
| 12:27 | Build | Archery Range |
| 12:28 | Build | Archery Range |
| 12:30 | Build | Archery Range |
| 12:32 | Build | Archery Range |
| 13:27 | Build | Archery Range |
| 13:31 | Build | Stable |
| 13:37 | Build | Archery Range |
| 13:38 | Build | Archery Range |
| 13:39 | Build | Archery Range |
| 13:40 | Build | Archery Range |
| 13:41 | Build | Archery Range |
| 13:48 | Research | Thumb Ring |
| 13:49 | Research | Crossbowman (upgrade) |
| 13:52 | Research | Chain Mail Armor |
| 13:52 | Research | Iron Casting |
| 13:53 | Research | Bodkin Arrow |
| 13:53 | Research | Leather Archer Armor |
| 13:55 | Research | Chain Barding Armor |
| 13:59 | Research | Treadmill Crane |
| 14:00 | Research | Ballistics |
| 14:00 | Research | Guard Tower (upgrade) |
| 14:01 | Research | Tech 908 |
| 14:02 | Research | Careening |
| 16:10 | Research | Bloodlines |
| 16:10 | Research | Husbandry |
| 16:59 | Create | Cavalry Archer ×5 |
| 16:59 | Create | Cavalry Archer ×5 |
| 16:59 | Create | Cavalry Archer ×5 |
| 17:00 | Create | Cavalry Archer ×5 |
| 17:00 | Create | Cavalry Archer ×5 |
| 17:00 | Create | Cavalry Archer ×5 |
| 17:00 | Create | Cavalry Archer ×5 |
| 17:01 | Create | Cavalry Archer ×5 |
| 17:01 | Create | Cavalry Archer ×5 |
| 17:01 | Create | Cavalry Archer ×5 |
| 17:02 | Create | Cavalry Archer ×5 |
| 17:02 | Create | Cavalry Archer ×5 |
| 17:02 | Create | Cavalry Archer ×5 |
| 17:02 | Create | Cavalry Archer ×5 |
| 17:03 | Create | Cavalry Archer ×5 |
| 17:03 | Create | Cavalry Archer ×5 |
| 17:03 | Create | Cavalry Archer ×5 |
| 17:04 | Create | Cavalry Archer ×5 |
| 17:04 | Create | Cavalry Archer ×5 |
| 17:04 | Create | Cavalry Archer ×5 |
| 17:04 | Create | Cavalry Archer ×5 |
| 17:59 | Research | Parthian Tactics |
| 18:00 | Research | Heavy Cavalry Archer (upgrade) |
| 18:12 | Research | Heavy Cavalry Archer (upgrade) |
| 18:14 | Research | Spies/Treason |
| 18:15 | Research | Conscription |
| 18:16 | Research | Yasama |
| 18:18 | Research | Elite Samurai (upgrade) |
| 18:22 | Research | Kataparuto |
| 18:22 | Research | Kataparuto |
| 18:33 | Research | Bracer |
| 18:34 | Research | Plate Mail Armor |
| 18:34 | Research | Blast Furnace |
| 18:35 | Research | Ring Archer Armor |
| 18:37 | Research | Chemistry |
| 18:38 | Research | Arrowslits |
| 18:38 | Research | Keep (upgrade) |
| 18:39 | Research | Siege Engineers |
| 18:40 | Research | Shipwright |
| 18:40 | Research | Tech 907 |
| 18:41 | Research | Dry Dock |
| 18:47 | Create | Cavalry Archer ×5 |
| 18:47 | Create | Cavalry Archer ×5 |
| 18:47 | Create | Cavalry Archer ×5 |
| 18:48 | Create | Cavalry Archer ×5 |
| 18:48 | Create | Cavalry Archer ×5 |
| 18:48 | Create | Cavalry Archer ×5 |
| 18:48 | Create | Cavalry Archer ×5 |
| 18:49 | Create | Cavalry Archer ×5 |
| 18:49 | Create | Cavalry Archer ×5 |
| 18:49 | Create | Cavalry Archer ×5 |
| 18:50 | Create | Cavalry Archer ×5 |
| 18:50 | Create | Cavalry Archer ×5 |
| 18:50 | Create | Cavalry Archer ×5 |
| 18:50 | Create | Cavalry Archer ×5 |
| 18:51 | Create | Cavalry Archer ×5 |
| 18:51 | Create | Cavalry Archer ×5 |
| 18:51 | Create | Cavalry Archer ×5 |
| 18:55 | Research | Cavalier (upgrade) |
| 18:55 | Research | Cavalier (upgrade) |
| 18:59 | Create | Cavalry Archer ×3 |
| 18:59 | Create | Cavalry Archer ×3 |
| 19:20 | Create | Cavalry Archer ×5 |
| 19:20 | Create | Cavalry Archer ×5 |
| 19:21 | Create | Cavalry Archer ×5 |
| 19:26 | Create | Cavalry Archer ×5 |
| 19:27 | Create | Cavalry Archer ×5 |
| 19:27 | Create | Cavalry Archer ×5 |
| 19:27 | Create | Cavalry Archer ×5 |
| 19:28 | Create | Cavalry Archer |
| 19:29 | Create | Cavalry Archer |
| 20:56 | Create | Cavalry Archer ×5 |
| 20:56 | Create | Cavalry Archer ×5 |
| 20:57 | Create | Cavalry Archer ×5 |
| 20:57 | Create | Cavalry Archer ×5 |
| 20:57 | Create | Cavalry Archer ×5 |
| 20:57 | Create | Cavalry Archer ×5 |
| 20:58 | Create | Cavalry Archer ×5 |
| 20:58 | Create | Cavalry Archer ×5 |
| 20:58 | Create | Cavalry Archer ×5 |
| 20:59 | Create | Cavalry Archer ×5 |
| 20:59 | Create | Cavalry Archer ×5 |
| 21:01 | Create | Knight ×5 |
| 21:02 | Create | Knight ×5 |
| 21:02 | Create | Knight ×5 |
| 21:02 | Create | Knight ×5 |
| 21:20 | Create | Cavalry Archer ×5 |
| 21:20 | Create | Cavalry Archer ×5 |
| 21:20 | Create | Cavalry Archer ×5 |
| 21:20 | Create | Cavalry Archer ×5 |
| 21:21 | Create | Cavalry Archer ×5 |
| 21:21 | Create | Cavalry Archer ×5 |
| 21:21 | Create | Cavalry Archer ×5 |
| 21:22 | Create | Cavalry Archer ×5 |
| 21:22 | Create | Cavalry Archer ×5 |
| 23:12 | Build | Barracks |
| 23:13 | Build | Barracks |
| 23:13 | Build | Barracks |
| 23:14 | Build | Barracks |
| 23:14 | Build | Barracks |
| 23:14 | Build | Barracks |
| 23:16 | Build | Barracks |
| 23:52 | Build | Barracks |
| 23:53 | Build | Barracks |
| 23:54 | Build | Barracks |
| 23:55 | Build | Barracks |
| 24:46 | Create | Cavalry Archer |
| 24:46 | Create | Cavalry Archer |
| 24:47 | Create | Cavalry Archer ×5 |
| 24:47 | Create | Cavalry Archer ×5 |
| 24:47 | Create | Cavalry Archer ×5 |
| 24:47 | Create | Cavalry Archer ×5 |
| 24:48 | Create | Cavalry Archer ×5 |
| 24:48 | Create | Cavalry Archer ×5 |
| 24:48 | Create | Cavalry Archer ×5 |
| 24:49 | Create | Cavalry Archer ×5 |
Build order — 3m1R
First 150 of 222 actions detected
| 9:38 | Research | Nomads |
| 9:39 | Research | Nomads |
| 9:45 | Research | Bodkin Arrow |
| 9:45 | Research | Leather Archer Armor |
| 9:46 | Research | Iron Casting |
| 9:47 | Research | Chain Barding Armor |
| 9:47 | Research | Chain Mail Armor |
| 9:50 | Research | Ballistics |
| 9:50 | Research | Guard Tower (upgrade) |
| 9:51 | Research | Tech 909 |
| 9:52 | Research | Tech 908 |
| 9:52 | Research | Careening |
| 9:52 | Research | Careening |
| 15:45 | Build | Stable |
| 15:46 | Build | Stable |
| 15:49 | Build | Stable |
| 15:50 | Build | Stable |
| 16:22 | Build | Stable |
| 16:24 | Build | Stable |
| 16:25 | Build | Stable |
| 16:45 | Research | Bloodlines |
| 16:45 | Research | Bloodlines |
| 17:38 | Research | Husbandry |
| 17:38 | Research | Husbandry |
| 17:38 | Research | Husbandry |
| 18:10 | Research | Heavy Camel Rider (upgrade) |
| 18:11 | Research | Heavy Camel Rider (upgrade) |
| 18:15 | Research | Elite Mangudai (upgrade) |
| 18:15 | Research | Elite Mangudai (upgrade) |
| 18:16 | Research | Elite Mangudai (upgrade) |
| 18:19 | Research | Bracer |
| 18:19 | Research | Bracer |
| 18:19 | Research | Blast Furnace |
| 18:20 | Research | Blast Furnace |
| 18:20 | Research | Plate Mail Armor |
| 18:20 | Research | Plate Mail Armor |
| 18:23 | Research | Chemistry |
| 18:25 | Research | Siege Engineers |
| 18:25 | Research | Tech 907 |
| 18:26 | Research | Shipwright |
| 18:27 | Research | Shipwright |
| 18:31 | Research | Drill |
| 18:32 | Research | Drill |
| 18:35 | Create | Camel Scout ×5 |
| 18:35 | Create | Camel Scout ×5 |
| 18:35 | Create | Camel Scout ×5 |
| 18:36 | Create | Camel Scout ×5 |
| 18:36 | Create | Camel Scout ×5 |
| 18:36 | Create | Camel Scout ×5 |
| 18:36 | Create | Camel Scout ×5 |
| 18:37 | Create | Camel Scout ×5 |
| 18:37 | Create | Camel Scout ×5 |
| 18:37 | Create | Camel Scout ×5 |
| 18:38 | Create | Camel Scout ×5 |
| 18:38 | Create | Camel Scout ×5 |
| 19:17 | Create | Camel Scout ×5 |
| 19:17 | Create | Camel Scout ×5 |
| 19:17 | Create | Camel Scout ×5 |
| 19:18 | Create | Camel Scout ×5 |
| 19:20 | Create | Camel Scout ×5 |
| 19:20 | Create | Camel Scout ×5 |
| 19:21 | Create | Camel Scout |
| 19:43 | Create | Camel Scout ×4 |
| 19:43 | Create | Camel Scout ×4 |
| 19:53 | Build | Stable |
| 19:54 | Build | Stable |
| 19:55 | Build | Stable |
| 20:10 | Create | Camel Scout ×5 |
| 20:10 | Create | Camel Scout ×5 |
| 20:10 | Create | Camel Scout ×5 |
| 20:10 | Create | Camel Scout ×5 |
| 20:31 | Create | Camel Scout ×5 |
| 20:31 | Create | Camel Scout ×5 |
| 20:31 | Create | Camel Scout ×5 |
| 21:07 | Create | Camel Scout ×5 |
| 21:07 | Create | Camel Scout ×5 |
| 21:08 | Create | Camel Scout ×5 |
| 21:08 | Create | Camel Scout ×5 |
| 21:08 | Create | Camel Scout ×5 |
| 21:12 | Research | Spies/Treason |
| 21:39 | Create | Camel Scout ×5 |
| 21:39 | Create | Camel Scout ×5 |
| 21:39 | Create | Camel Scout ×5 |
| 21:40 | Create | Camel Scout |
| 21:40 | Create | Camel Scout |
| 21:53 | Create | Camel Scout ×3 |
| 21:54 | Create | Camel Scout ×5 |
| 21:54 | Create | Camel Scout ×5 |
| 22:13 | Create | Camel Scout ×5 |
| 22:14 | Create | Camel Scout ×5 |
| 22:14 | Create | Camel Scout ×5 |
| 22:14 | Create | Camel Scout ×5 |
| 22:14 | Create | Camel Scout ×5 |
| 22:32 | Create | Camel Scout ×5 |
| 22:32 | Create | Camel Scout ×5 |
| 22:32 | Create | Camel Scout ×5 |
| 22:32 | Create | Camel Scout ×5 |
| 22:37 | Build | Stable |
| 22:38 | Build | Stable |
| 22:40 | Build | Stable |
| 22:58 | Create | Camel Scout ×5 |
| 22:58 | Create | Camel Scout ×5 |
| 22:58 | Create | Camel Scout ×5 |
| 22:59 | Create | Camel Scout ×2 |
| 23:06 | Create | Camel Scout ×3 |
| 23:06 | Create | Camel Scout ×3 |
| 23:06 | Create | Camel Scout |
| 23:52 | Create | Camel Scout ×5 |
| 23:53 | Create | Camel Scout ×5 |
| 24:27 | Create | Camel Scout ×5 |
| 24:27 | Create | Camel Scout ×5 |
| 24:27 | Create | Camel Scout ×5 |
| 24:28 | Create | Camel Scout ×5 |
| 24:54 | Create | Camel Scout ×5 |
| 24:55 | Create | Camel Scout ×5 |
| 24:55 | Create | Camel Scout ×5 |
| 24:55 | Create | Camel Scout ×5 |
| 24:55 | Create | Camel Scout ×5 |
| 24:56 | Create | Camel Scout ×5 |
| 25:05 | Create | Camel Scout ×5 |
| 25:05 | Create | Camel Scout ×5 |
| 25:05 | Create | Camel Scout ×5 |
| 25:06 | Create | Camel Scout ×3 |
| 25:14 | Create | Camel Scout ×5 |
| 25:14 | Create | Camel Scout ×5 |
| 25:14 | Create | Camel Scout ×5 |
| 25:30 | Create | Camel Scout ×5 |
| 25:31 | Create | Camel Scout ×5 |
| 25:31 | Create | Camel Scout ×5 |
| 25:31 | Create | Camel Scout ×3 |
| 25:56 | Create | Camel Scout ×5 |
| 26:20 | Create | Camel Scout ×5 |
| 26:20 | Create | Camel Scout ×5 |
| 27:02 | Research | Sappers |
| 27:02 | Research | Sappers |
| 27:03 | Research | Sappers |
| 27:06 | Create | Camel Scout ×5 |
| 27:06 | Create | Camel Scout ×5 |
| 27:06 | Create | Camel Scout ×5 |
| 27:06 | Create | Camel Scout ×5 |
| 27:07 | Create | Camel Scout ×5 |
| 27:07 | Create | Camel Scout ×5 |
| 27:07 | Create | Camel Scout ×5 |
| 27:22 | Build | Stable |
| 27:23 | Build | Stable |
| 27:28 | Create | Camel Scout ×5 |
| 27:28 | Create | Camel Scout ×5 |
| 27:29 | Create | Camel Scout ×5 |
| 27:29 | Create | Camel Scout ×5 |
| 27:55 | Research | Conscription |
Match timeline
| 0:44 | Bizmark · tribute_sent a jugador 1 |
| 0:44 | Bizmark · tribute_sent a jugador 2 |
| 0:44 | Bizmark · tribute_sent a jugador 3 |
| 0:44 | Bizmark · tribute_sent a jugador 4 |
| 0:44 | Bizmark · tribute_sent a jugador 6 |
| 0:44 | Bizmark · tribute_sent a jugador 7 |
| 0:44 | Bizmark · tribute_sent a jugador 8 |
| 1:26 | Bizmark · tribute_sent a jugador 1 |
| 1:26 | Bizmark · tribute_sent a jugador 2 |
| 1:26 | Bizmark · tribute_sent a jugador 3 |
| 1:26 | Bizmark · tribute_sent a jugador 4 |
| 1:26 | Bizmark · tribute_sent a jugador 6 |
| 1:26 | Bizmark · tribute_sent a jugador 7 |
| 1:26 | Bizmark · tribute_sent a jugador 8 |
| 2:52 | Bizmark · tribute_sent a jugador 1 |
| 2:52 | Bizmark · tribute_sent a jugador 2 |
| 2:52 | Bizmark · tribute_sent a jugador 3 |
| 2:52 | Bizmark · tribute_sent a jugador 4 |
| 2:52 | Bizmark · tribute_sent a jugador 6 |
| 2:52 | Bizmark · tribute_sent a jugador 7 |
| 2:52 | Bizmark · tribute_sent a jugador 8 |
| 6:41 | Bizmark · wall_segment Stone Wall x16 |
| 8:05 | Bizmark · wall_segment Stone Wall x17 |
| 8:56 | Bizmark · first_building Stable |
| 9:29 | Rogue Old · first_building Stable |
| 10:42 | Bizmark · wall_segment Stone Wall x17 |
| 12:10 | Linkin · first_building Archery Range |
| 13:31 | Linkin · first_building Stable |
| 15:45 | 3m1R · first_building Stable |
| 16:20 | MightyBeast · first_building Stable |
| 18:07 | MightyBeast · first_building Archery Range |
| 19:50 | Rogue Old · first_building Archery Range |
| 20:38 | hockeyguy · first_building Stable |
| 20:47 | hockeyguy · first_building Archery Range |
| 23:12 | Linkin · first_building Barracks |
| 23:51 | Bizmark · tribute_sent a jugador 1 |
| 23:51 | Bizmark · tribute_sent a jugador 2 |
| 23:51 | Bizmark · tribute_sent a jugador 3 |
| 23:51 | Bizmark · tribute_sent a jugador 4 |
| 23:51 | Bizmark · tribute_sent a jugador 6 |
| 23:51 | Bizmark · tribute_sent a jugador 7 |
| 23:51 | Bizmark · tribute_sent a jugador 8 |
| 26:44 | Bizmark · first_building Archery Range |
| 31:43 | hockeyguy · first_building Krepost |
| 32:49 | Stav · resign |
[ AI ANALYSIS · 1 CREDIT ]
What really happened in this match?
Wolo.gg analyzes every decision: build order, eco, micro, common mistakes by bracket. Personalized analysis on WhatsApp or Discord in 30 seconds.
Civ guide
Hindustanis
Perfil
Jugador #6017162